 Dungeon Crawl Stone Soup version 0.17-a0-1655-g88a8506 (webtiles) character file.

266 kae the Slasher (level 6, 0/51 HPs)
             Began as a Minotaur Fighter on Aug 15, 2015.
             Slain by a hobgoblin
             ... wielding a +0 bardiche
              (17 damage)
             ... on level 3 of the Dungeon.
             The game lasted 00:01:08 (1558 turns).

kae the Slasher (Minotaur Fighter)                  Turns: 1558, Time: 00:01:09

Health: 0/51       AC:  6    Str: 26    XL:     6   Next: 0%
Magic:  5/5        EV:  7    Int:  7    God:
Gold:   90         SH:  9    Dex:  9    Spells: 0 memorised, 5 levels left

rFire  . . .     SeeInvis .     a - +0 long sword
rCold  . . .     Clarity  .     b - +0 scale mail
rNeg   . . .     SustAt   .     c - +0 shield
rPois  .         Gourm    .     (helmet restricted)
rElec  .         Spirit   .     (no cloak)
rCorr  .         Warding  .     (no gloves)
rMut   .         Stasis   .     (no boots)
MR     .....                    (no amulet)
Stlth  ..........               (no ring)
                                (no ring)

@: mighty, not resistant to hostile enchantments, extremely unstealthy
A: retaliatory headbutt, horns 2
a: no special abilities


You were on level 3 of the Dungeon.
You were very hungry.

You visited 1 branch of the dungeon, and saw 3 of its levels.

You collected 90 gold pieces.

Inventory:

Hand weapons
 a - a +0 long sword (weapon)
Armour
 b - a +0 scale mail (worn)
 c - a +0 shield (worn)
Jewellery
 n - a cursed amulet of inaccuracy {unknown}
Scrolls
 f - a scroll of random uselessness {unknown}
 h - 3 scrolls of identify {unknown}
 i - 2 scrolls of blinking {unknown}
Potions
 e - a potion of mutation {unknown}
 k - 2 potions of curing {unknown}
 m - a potion of heal wounds {unknown}
Comestibles
 g - 2 meat rations
 j - a beef jerky
 z - 4 bread rations


   Skills:
 - Level 3.6 Fighting
 + Level 7.6 Long Blades
 - Level 3.6 Armour
 - Level 3.6 Shields


You had 5 spell levels left.
You didn't know any spells.

Dungeon Overview and Level Annotations

Branches:
Dungeon (3/15)

Altars:

Annotations:
D:3 Robin


Innate Abilities, Weirdness & Mutations

You reflexively headbutt those who attack you in melee.
You have a pair of horns on your head.


Message History

You block the hobgoblin's attack. You block the orc's attack.
The goblin hits you but does no damage. The goblin barely misses you.
You slash the orc!
You kill the orc!
The goblin hits you but does no damage. You block the goblin's attack.
The hobgoblin hits you but does no damage.
The goblin hits you but does no damage.
You slash the goblin!
You kill the goblin!
The goblin completely misses you. You furiously retaliate!
You headbutt the goblin!!
You kill the goblin!
You have reached level 6!
Your experience leads to an increase in your attributes!
Your base attributes are Str 21, Int 6, Dex 9.
Increase (S)trength, (I)ntelligence, or (D)exterity?
You feel clever. The goblin hits you but does no damage.
The hobgoblin hits you from afar with a bardiche!
You die...

.>. .....#.### ...
....#...# ## ....
........ . .....
#######.....
...%.##...#......#
...............#.# ###
#.#....g#g..#....## #..
......gg@g........#####..
.......g)g######..##.....
...)......#####...##.#...
................#..#.#...
#.#.#..............#.##..
................#.†#.##..
................+....####
/...............###......
....... #..####


You could see Robin, 2 hobgoblins and 4 goblins.

Vanquished Creatures
  Sigmund (D:2)
  Ijyb (D:2)
  2 adders
  An ooze (D:2)
  3 worms
  2 giant geckos
  4 orcs (D:3)
  2 ball pythons
  2 giant cockroaches
  6 goblins
  4 hobgoblins
  A jackal (D:1)
  2 kobolds
  A quokka (D:2)
  9 bats
  A giant newt (D:1)
  4 rats
46 creatures vanquished.

Notes
Turn   | Place    | Note
--------------------------------------------------------------
     0 | D:1      | kae the Minotaur Fighter began the quest for the Orb.
     0 | D:1      | Reached XP level 1. HP: 19/19 MP: 0/0
   582 | D:2      | Reached XP level 2. HP: 26/26 MP: 1/1
   702 | D:2      | Noticed Sigmund
   711 | D:2      | Killed Sigmund
   711 | D:2      | Reached skill level 6 in Long Blades
   711 | D:2      | Reached XP level 3. HP: 7/31 MP: 2/2
   711 | D:2      | Reached XP level 4. HP: 8/39 MP: 3/3
   711 | D:2      | Reached XP level 5. HP: 9/45 MP: 4/4
  1034 | D:2      | Noticed Ijyb
  1041 | D:2      | Killed Ijyb
  1041 | D:2      | Reached skill level 7 in Long Blades
  1548 | D:3      | Noticed Robin
  1558 | D:3      | Reached XP level 6. HP: 17/51 MP: 5/5
  1558 | D:3      | Slain by a hobgoblin

Vault maps used:
D:1:      dpeg_arrival_brainrot
D:2:      minivault_27, kennysheep_big_empty_room, uniq_iyjb, uniq_sigmund
D:3:      ecumenical_altar_1, uniq_robin

Action                   |  1- 3 |  4- 6 || total
-------------------------+-------+-------++-------
Melee: Long sword        |    37 |    75 ||   112
  Use: Potion            |       |     1 ||     1
  Eat: Chunk             |       |     1 ||     1
